 Dungeon Crawl Stone Soup version 0.28.0 (webtiles) character file.

Game seed: 14841085846495954953

16 dolemite99 the Cutter (level 2, 22/22 HPs)
             Began as a Demonspawn Gladiator on Feb 15, 2022.
             Was a Follower of Vehumet.
             Quit the game on level 1 of the Dungeon.
             The game lasted 00:01:17 (958 turns).

dolemite99 the Cutter (Demonspawn Gladiator)         Turns: 958, Time: 00:01:17

Health: 22/22      AC:  7    Str: 14    XL:     2   Next: 41%
Magic:  2/2        EV: 11    Int:  9    God:    Vehumet [*.....]
Gold:   26         SH:  0    Dex: 14    Spells: 1/1 levels left

rFire   . . .      SeeInvis .   a - +0 rapier
rCold   . . .      Faith    .   (no shield)
rNeg    . . .      Spirit   .   i - +0 ring mail
rPois   .          Reflect  .   c - +0 helmet
rElec   .          Harm     .   (no cloak)
rCorr   .          Rampage  .   n - +0 pair of gloves
Will    .....                   (no boots)
Stlth   +.........              (no amulet)
HPRegen 0.07/turn               (no ring)
MPRegen 0.08/turn               (no ring)

@: no status effects
A: powered by death 1
a: Renounce Religion


You were on level 1 of the Dungeon.
You worshipped Vehumet.
Vehumet was aware of your devotion.
You visited 1 branch of the dungeon, and saw 1 of its levels.

You collected 26 gold pieces.

Inventory:

Hand Weapons
 a - a +0 rapier (weapon)
Missiles
 d - 3 throwing nets (quivered)
 l - 19 stones
Armour
 b - a +0 leather armour
 c - a +0 helmet (worn)
 h - a +0 pair of gloves
 i - a +0 ring mail (worn)
 n - a +0 pair of gloves (worn)
Scrolls
 f - a scroll of identify {unknown}
 j - a scroll of noise {unknown}
 m - a scroll of fog {unknown}
 o - a scroll of magic mapping {unknown}
 q - a scroll of torment {unknown}
Potions
 e - a potion of cancellation {unknown}
 g - a potion of heal wounds {unknown}
 k - a potion of curing {unknown}
 p - a potion of might {unknown}


   Skills:
 - Level 2.0 Fighting
 + Level 3.5 Short Blades
 - Level 1.7 Throwing
 - Level 2.6 Dodging


You had one spell level left.
You didn't know any spells.
Your spell library was empty.

Dungeon Overview and Level Annotations

Branches:
Dungeon (1/15)

Altars:
Vehumet


Innate Abilities, Weirdness & Mutations

You regenerate a little health from kills.


Message History

l - 19 stones (gained 1)
You see here a +0 dagger.
Found a stone staircase leading down.
There is a stone staircase leading down here.
Found a pair of gloves.
No target in view!
No target in view!
No target in view!
No target in view!
Found a stone staircase leading down.
You see here a +0 pair of gloves.
n - a +0 pair of gloves You start removing your armour.
You continue taking off your +0 pair of gloves. x4
You finish taking off your +0 pair of gloves.
You start putting on your armour.
You continue putting on your +0 pair of gloves. x5
You finish putting on your +0 pair of gloves.
There is a stone staircase leading down here.
Found a faded altar of an unknown god.
No target in view!
There is a faded altar of an unknown god here.
o - a scroll labelled FUZXUK LUOROCH No target in view!
p - a brown potion
There are no items here.
There is a faded altar of an unknown god here.
You cannot tell which god this altar belongs to.
Convert to them anyway?
Vehumet accepts your prayer! Vehumet welcomes you!
You can now gain magical power from killing.
Vehumet offers you knowledge of Freeze.
You now have 26 gold pieces (gained 18).
There is a stone staircase leading down here.
There is a stone staircase leading down here.
q - a scroll labelled NITTUR ROASCH Done exploring.
Done exploring.
Done exploring.
Are you sure you want to abandon this character and quit the game? (Confirm with "yes".)

##### #####...# ###### #...@...#
##..... #.###...# ##.#.###
##.####.## ##.###.## ###...###.#
##.## ##.# ##########.........#
#.## #.. ......##...#...##..#
##.## ##.. ...........##########
##.###... .####....###...#....##
#..#....
.####.####...........#####.#.#...


There were no monsters in sight!

Vanquished Creatures
  2 dart slugs (D:1)
  2 endoplasms (D:1)
  2 goblins (D:1)
  2 hobgoblins (D:1)
  2 kobolds (D:1)
  A rat (D:1)
11 creatures vanquished.

Notes
Turn   | Place    | Note
-------+----------+-------------------------------------------
     0 | D:1      | dolemite99 the Demonspawn Gladiator began the quest for the
                  | Orb.
     0 | D:1      | Reached XP level 1. HP: 16/16 MP: 1/1
   126 | D:1      | Reached skill level 3 in Short Blades
   246 | D:1      | Gained mutation: You regenerate a little health from kills.
                  | [demonic ancestry]
   246 | D:1      | Reached XP level 2. HP: 22/22 MP: 2/2
   695 | D:1      | Found a faded altar of an unknown god.
   718 | D:1      | Prayed at the altar of an unknown god.
   718 | D:1      | Became a worshipper of Vehumet
   718 | D:1      | Reached * piety under Vehumet
   718 | D:1      | Offered knowledge of Freeze by Vehumet.
   958 | D:1      | Quit the game

Illustrated notes

Levels and vault maps discovered:
D:1:      dpeg_chamrin_arrival_tetris, layout_loops_ring,
          basic_ecumenical_altar, hangedman_abyss_or_decor_stabs

Skill      XL: |  1 |
---------------+----+-----
Short Blades   | 3 |  3.5
Fighting       | |  2.0
Throwing       | |  1.7
Dodging        | |  2.6

Action                   || total
-------------------------++-------
Melee: Rapier            ||    41
Armor: Leather armour    ||     5
       Ring mail         ||     3
Dodge: Dodged            ||    23
